 Dungeon Crawl Stone Soup version 0.27-a0-861-g9529aa9bf3 (webtiles) character file.

Game seed: 12023469715509763362

22 EnegeticOcto the Vexing (level 2, -4/23 HPs)
             Began as a Palentonga Arcane Marksman on Apr 2, 2021.
             Slain by a gnoll
             ... wielding a +0 whip
              (5 damage)
             ... on level 2 of the Dungeon.
             The game lasted 00:01:33 (927 turns).

EnegeticOcto the Vexing (Palentonga Arcane Marksman) Turns: 927, Time: 00:01:33

Health: -4/23      AC:  6    Str: 13    XL:     2   Next: 68%
Magic:  3/3        EV:  7    Int: 13    God:
Gold:   70         SH:  0    Dex: 10    Spells: 2/3 levels left

rFire    . . .     SeeInvis +   b - +0 flail
rCold    . . .     Faith    .   (no shield)
rNeg     . . .     Spirit   .   j - +0 scale mail
rPois    +         Reflect  .   (no helmet)
rElec    .         Harm     .   (no cloak)
rCorr    .         Rampage  .   (no gloves)
Will     .....                  (no barding)
Stlth    ..........             (no amulet)
HPRegen  0.07/turn              h - ring of poison resistance
MPRegen  0.08/turn              (no ring)

@: no status effects
A: large, rugged brown scales 3, see invisible, deformed body, roll 1, armoured
tail
a: Rolling Charge


You were on level 2 of the Dungeon.
You visited 1 branch of the dungeon, and saw 2 of its levels.

You collected 70 gold pieces.

Inventory:

Hand Weapons
 b - a +0 flail (weapon)
   (You found it on level 1 of the Dungeon)
Missiles
 c - 2 javelins (quivered)
 d - 2 throwing nets {!f}
Armour
 a - a +0 robe
 j - a +0 scale mail (worn)
   (You found it on level 1 of the Dungeon)
Jewellery
 h - a ring of poison resistance (left hand)
   (You found it on level 1 of the Dungeon)
Scrolls
 e - 2 scrolls of identify {unknown}
 f - a scroll of noise {unknown}
 g - a scroll of amnesia {unknown}
 i - a scroll of brand weapon {unknown}
 k - a scroll of immolation {unknown}
 l - a scroll of enchant armour {unknown}
 m - a scroll of silence {unknown}
Potions
 n - a potion of haste {unknown}


   Skills:
 + Level 1.7 Fighting
 * Level 1.9 Maces & Flails
 - Level 1.3 Throwing
 - Level 1.5 Dodging
 - Level 1.0 Spellcasting
 - Level 3.0 Hexes


You had 2 spell levels left.
You knew the following spells:

 Your Spells              Type           Power      Damage    Failure   Level
a - Corona                Hex            8%         N/A       38%         1

Your spell library contained the following spells:

 Spells                   Type           Power      Damage    Failure   Level
 Slow                     Hex            8%         N/A       52%         2
 Inner Flame              Hex/Fire       4%         N/A       92%         3
 Portal Projectile        Hex/Tloc       8%         N/A       92%         3
 Cause Fear               Hex            4%         N/A       99%         4
 Leda's Liquefaction      Hex/Erth       2%         N/A       100%        4


Dungeon Overview and Level Annotations

Branches:
Dungeon (2/15)

Altars:
Wu Jian


Innate Abilities, Weirdness & Mutations

You are completely covered in rugged brown scales. (AC +3, +7% HP)
You have supernaturally acute eyesight. (SInv)
Armour fits poorly on your strangely shaped body.
You can roll at nearby foes to attack.
You have a long armoured tail.


Message History

The ball python bites you.
You hit the ball python.
You kill the ball python!
The kobold closely misses you.
You hit the kobold.
Your tail-slap misses the kobold.
The kobold is moderately wounded.
The kobold barely misses you.
You barely miss the kobold.
The kobold is moderately wounded.
The kobold barely misses you.
You hit the kobold but do no damage.
The kobold hits you but does no damage. x2
You hit the kobold.
You kill the kobold!
No target in view!
No target in view!
No target in view!
No target in view!
No target in view!
No target in view!
HP restored.
Found a gold piece.
Things that are here:
a +0 dagger; 4 stones; a kobold corpse
n - an emerald potion A gnoll comes into view.
It is wielding a +0 whip.
The gnoll moves out of view.
A gnoll is nearby!
A gnoll is nearby!
A gnoll is nearby!
A gnoll comes into view. It is wielding a +4 flail.
The gnoll shouts!
A gnoll comes into view. It is wielding a +3 spear of freezing.
The gnoll shouts!
You hear a bark! x2
Throw: 5 javelins
Press: ? - help, Q - select action, (/) - cycle Shift-Dir - straight line, f - gnoll
Aim: a gnoll, wielding a +0 whip (56% to hit)
Okay, then.
Throw: 5 javelins
Press: ? - help, Q - select action, (/) - cycle Shift-Dir - straight line, f - gnoll
Aim: a gnoll, wielding a +3 spear of freezing (58% to hit)
You throw a javelin. The javelin barely misses the gnoll.
The javelin pierces through the gnoll but does no damage.
Throw: 4 javelins
Press: ? - help, Q - select action, (/) - cycle Shift-Dir - straight line, p - gnoll You throw a javelin.
The javelin pierces through the gnoll.
The gnoll is moderately wounded.
The javelin barely misses the gnoll.
You hear a shout!
The gnoll hits you with a +0 whip. x2
Throw: 3 javelins
Press: ? - help, Q - select action, (/) - cycle Shift-Dir - straight line, f - gnoll
Aim: a gnoll, wielding a +0 whip (moderately wounded, 58% to hit)
You throw a javelin. The javelin barely misses the gnoll.
The javelin pierces through the gnoll.
The gnoll is moderately wounded.
The javelin pierces through the gnoll!
The gnoll is severely wounded.
A gnoll comes into view. It is wielding a +0 spear.
The gnoll closely misses you.
Throw: 2 javelins
Press: ? - help, Q - select action, (/) - cycle Shift-Dir - straight line, f/p - gnoll
Aim: a gnoll, wielding a +0 whip (moderately wounded, 58% to hit)
Okay, then.
A ball python comes into view.
The ball python hisses angrily.
The ball python bites you.
You completely miss the ball python. The gnoll closely misses you.
The ball python bites you but does no damage.
The gnoll closely misses you.
You closely miss the ball python. The ball python barely misses you.
The gnoll hits you from afar with a +3 spear of freezing.
The gnoll freezes you. The gnoll hits you with a +0 whip.
The ball python closely misses you.
The gnoll hits you from afar with a +3 spear of freezing.
The gnoll freezes you.
* * * LOW HITPOINT WARNING * * *
You hit the ball python. You tail-slap the ball python.
You kill the ball python!
The gnoll hits you with a +0 whip.
* * * LOW HITPOINT WARNING * * *
The gnoll barely misses you.
You see here a ball python corpse.
A goblin comes into view. It is wielding a +0 dagger.
The goblin shouts!
A worm comes into view.
Unknown command.
A dart slug comes into view.
A ball python comes into view.
Found 10 gold pieces.
A rat and a giant cockroach come into view.
The ball python hisses angrily.
Found an ornate altar of the Wu Jian Council.
The rat closely misses you. The rat bites you but does no damage.
Unknown command.
The rat bites you but does no damage. The gnoll barely misses you.
The rat bites you but does no damage. The gnoll hits you but does no damage.
The gnoll hits you from afar with a +0 spear.
* * * LOW HITPOINT WARNING * * *
The rat bites you but does no damage. The gnoll hits you with a +0 whip.
You die...

. #.....w.... ##.
#..w.....#. #..
.......B.#
##.#########.......#
........g†....g.S...
.......#####....##.
...).........g..#
.....<#......Bg######
..#.....####..gg@...#
.###....####....r...#
....#.............$.#
###......###........#
#.....##..............
#....##
##............. #.....
##.........._..
...##.# #.............
... .#


You could see 3 gnolls, a giant cockroach, a goblin and a rat.

Vanquished Creatures
  A dart slug (D:1)
  2 endoplasms (D:1)
  3 giant cockroaches (D:1)
  A goblin (D:1)
  3 hobgoblins (D:1)
  A kobold (D:2)
  3 ball pythons
  2 bats (D:1)
  A frilled lizard (D:1)
  A rat (D:2)
18 creatures vanquished.

Notes
Turn   | Place    | Note
-------+----------+-------------------------------------------
     0 | D:1      | EnegeticOcto the Palentonga Arcane Marksman began the quest
                  | for the Orb.
     0 | D:1      | Reached XP level 1. HP: 16/16 MP: 2/2
   153 | D:1      | Reached skill level 1 in Maces & Flails
   266 | D:1      | Reached XP level 2. HP: 22/22 MP: 3/3
   922 | D:2      | Found an ornate altar of the Wu Jian Council.
   927 | D:2      | HP: 1/23 [gnoll/+0 spear (3)]
   927 | D:2      | Slain by a gnoll

Illustrated notes

Levels and vault maps discovered:
D:1:      shiori_arrival_oz, layout_loops_ring, skrybe_limestone_x,
          hangedman_feature_mirror
D:2:      layout_rooms, basic_altar, minmay_tiny_reverse_x

Skill      XL: |  1 |
---------------+----+-----
Maces & Flails | 1 |  1.9
Fighting       | |  1.7
Throwing       | |  1.3
Dodging        | |  1.5
Spellcasting   | |  1.0
Hexes          | |  3.0

Action                   || total
-------------------------++-------
Melee: Flail             ||    55
       Tailslap          ||     6
Throw: Javelin           ||     3
Armor: Robe              ||     4
       Scale mail        ||    25
Dodge: Dodged            ||    37

Table legend: (Time is in decaauts)
 A = Elapsed time spent in this place.
 B = Non-inter-level travel time spent in this place.
 C = Inter-level travel time spent in this place.
 D = Time resting spent in this place.
 E = Time spent auto-exploring this place.
 F = Levels seen in this place.
 G = Mean time per level.
                   A        B        C        D        E       F      G
               +--------+--------+--------+--------+--------+-----+--------+
         Total |    945 |    895 |     50 |      0 |    703 |   2 |  472.5 |
       Dungeon |    945 |    895 |     50 |      0 |    703 |   2 |  472.5 |
               +--------+--------+--------+--------+--------+-----+--------+

Top non-repeatable levels by time:
     D:1: 880 daAuts
     D:2: 64 daAuts
